 Seeded DCSS version 0.29-a0-643-ga013cefcf8 (webtiles) character file.

Game seed: 16082249642278480031 (custom seed)

333605 zeratav the Alchemist (level 21, -11/151 HPs)
             Began as an Octopode Venom Mage on June 17, 2022.
             Was an Initiate of Gozag.
             Killed from afar by Vv (51 damage)
             ... with a flame surge
             ... on level 2 of the Depths on June 20, 2022.
             The game lasted 03:21:24 (53633 turns).

zeratav the Alchemist (Octopode Venom Mage)        Turns: 53633, Time: 03:21:24

Health: -11/151    AC: 28    Str: 12    XL:     21   Next: 82%
Magic:  19/30      EV: 42    Int: 38    God:    Gozag
Gold:   9159       SH:  0    Dex: 15    Spells: 16/37 levels left

rFire   . . .      SeeInvis .     - Unarmed
rCold   + + +      Faith    .   (shield currently unavailable)
rNeg    + + .      Spirit   .   (helmet currently unavailable)
rPois   ∞          Reflect  .   T - amulet of Deodoxkuq {rPois Regen+ Int+6 Dex+3}
rElec   +          Harm     .   Z - ring of Hotoffuo {rN+ Str+6 Int+4}
rCorr   +          Rampage  .   e - ring of protection from cold
Will    ++...                   H - +4 ring of evasion
Stlth   +++++.....              I - +4 ring of evasion
HPRegen 1.15/turn               M - +4 ring of protection
MPRegen 0.22/turn               U - +4 ring of evasion
                                W - ring "Faaceche" {rPois rC++ AC+4 Stlth+}
                                X - ring "Bex Bew" {rN+ Will+ rCorr}

@: storm-form, gold aura, flying, studying Translocations
A: cleaving, flying, almost no armour, amphibious, 8 rings, (camouflage 1),
(gelatinous body 1), (nimble swimmer 1), (tentacles), (tentacle spike 1), (cold
resistance 1), low MP 1, (shaggy fur 1), weak 1
}: 2/15 runes: serpentine, barnacled
a: Blinkbolt, End Transformation, Renounce Religion, Potion Petition, Call
Merchant, Bribe Branch


You were on level 2 of the Depths.
You worshipped Gozag.
Gozag was greatly pleased with you.
You were a lightning-filled tempest!
You visited 8 branches of the dungeon, and saw 37 of its levels.
You also visited: Sewer and Wizlab.

You collected 15624 gold pieces.
You spent 3896 gold pieces at shops.
You paid 2569 gold pieces to Gozag.


Innate Abilities, Weirdness & Mutations

You are a lightning-filled tempest!
Your electrical attacks strike out in all directions at once.
You are incredibly evasive.
You are flying.
You are immune to poison.
Your armour is entirely melded.
You are incapable of wielding weapons or throwing items.
You cannot wear most types of armour.
You are amphibious.
You can wear up to eight rings at the same time.
((Your skin changes colour to match your surroundings (Stealth+).))
((Your rubbery body absorbs attacks. (AC +1, EV +1)))
((You are camouflaged when in or above water. (Stealth+)))
((You have tentacles for arms and can constrict up to eight enemies at once.))
((One of your tentacles bears a spike.))
((Your flesh is cold resistant. (rC+)))
Your magical capacity is low. (-10% MP)
((You are covered in fur. (AC +1)))
You are weak. (Str -2)


   Skills:
 - Level 15.0 Fighting
 - Level 15.0 Dodging
 - Level 10.0 Stealth
 - Level 11.0 Unarmed Combat
 + Level 8.7 Spellcasting
 - Level 4.0 Translocations
 - Level 20.0 Transmutations
 - Level 6.0 Ice Magic
 - Level 20.0 Air Magic
 - Level 8.0 Poison Magic


You had 16 spell levels left.
You knew the following spells:

 Your Spells              Type           Power      Damage    Failure   Level
a - Swiftness             Air            100%       N/A       0%          3
b - Olgreb's Toxic Radia  Pois           67%        N/A       1%          4
c - Storm Form            Tmut/Air       53%        N/A       1%          7
d - Blink                 Tloc           94%        N/A       1%          2
e - Yara's Violent Unrav  Hex/Tmut       37%        3d15      1%          5

Your spell library contained the following spells:

 Spells                   Type           Power      Damage    Failure   Level
 Sting                    Tmut/Pois      100%       1d8       0%          1
 Poisonous Vapours        Pois/Air       100%       N/A       0%          2
 Ensorcelled Hibernation  Hex/Ice        78%        N/A       1%          2
 Passwall                 Tmut/Erth      62%        N/A       1%          2
 Static Discharge         Conj/Air       75%        N/A       1%          2
 Frozen Ramparts          Ice            100%       1d12      1%          3
 Gell's Gravitas          Tloc           47%        N/A       1%          3
 Lesser Beckoning         Tloc           47%        N/A       1%          3
 Mephitic Cloud           Conj/Pois/Air  72%        N/A       1%          3
 Ozocubu's Armour         Ice            58%        N/A       1%          3
 Spider Form              Tmut/Pois      89%        N/A       1%          3
 Teleport Other           Tloc           47%        N/A       1%          3
 Ice Form                 Ice/Tmut       86%        N/A       1%          4
 Petrify                  Tmut/Erth      75%        N/A       1%          4
 Summon Lightning Spire   Summ/Air       75%        N/A       1%          4
 Blade Hands              Tmut           53%        N/A       1%          5
 Silence                  Hex/Air        37%        N/A       1%          5
 Foxfire                  Conj/Fire      64%        2x1d7     2%          1
 Necrotize                Necr           64%        1d7       2%          1
 Portal Projectile        Hex/Tloc       62%        N/A       3%          3
 Passage of Golubria      Tloc           47%        N/A       4%          4
 Maxwell's Capacitive Co  Air            53%        ∞         4%          8
 Statue Form              Tmut/Erth      50%        N/A       6%          6
 Confusing Touch          Hex            16%        N/A       7%          3
 Conjure Flame            Conj/Fire      16%        6-21      7%          3
 Dazzling Flash           Conj/Hex       32%        N/A       7%          3
 Inner Flame              Hex/Fire       16%        N/A       7%          3
 Tukima's Dance           Hex            16%        N/A       7%          3
 Vampiric Draining        Necr           16%        2d7       7%          3
 Hailstorm                Conj/Ice       39%        3d9       7%          4
 Summon Ice Beast         Ice/Summ       39%        N/A       7%          4
 Manifold Assault         Tloc           47%        N/A       12%         5
 Metabolic Englaciation   Hex/Ice        19%        N/A       19%         5
 Anguish                  Hex/Necr       8%         N/A       22%         4
 Cause Fear               Hex            8%         N/A       22%         4
 Flame Wave               Conj/Fire      16%        2d6       22%         4
 Leda's Liquefaction      Hex/Erth       8%         N/A       22%         4
 Agony                    Necr           16%        N/A       54%         5
 Iskenderun's Battlesphe  Conj           16%        2d7       54%         5
 Lee's Rapid Deconstruct  Erth           8%         3d8*      54%         5
 Dispersal                Tloc           23%        N/A       56%         6
 Iron Shot                Conj/Erth      8%         9d3       98%         6
 Enfeeble                 Hex            8%         N/A       100%        7
 Malign Gateway           Summ/Tloc      15%        N/A       100%        7
 Spellforged Servitor     Conj/Summ      8%         N/A       100%        7
 Discord                  Hex            8%         N/A       100%        8
 Summon Horrible Things   Summ           8%         N/A       100%        8
 Animate Armour           Summ/Erth      Unusable   N/A       N/A         4
 Simulacrum               Ice/Necr       Unusable   N/A       N/A         6

Inventory:

Hand Weapons
 r - the +8 falchion "Xakhetepp" (melded) {spect, rPois, long}
   (You found it on level 3 of the Dungeon)

   When its wielder attacks, the weapon's spirit leaps out and strikes again.
   The spirit shares a part of any damage it takes with its wielder.
   rPois:     It protects you from poison.
Armour
 K - a +2 hat (melded)
   (You bought it in a shop on level 10 of the Dungeon)
Jewellery
 c - a ring of fire
   (You found it in a wizard's laboratory)
 e - a ring of protection from cold (right fist)
   (You found it on level 6 of the Dungeon)
 o - a ring of see invisible
   (You took it off a deep elf knight on level 3 of the Elven Halls)
 x - a ring of willpower
   (You found it on level 15 of the Dungeon)
 H - a +4 ring of evasion (on tentacle)
   (You found it on level 7 of the Dungeon)
 I - a +4 ring of evasion (on tentacle)
   (You took it off a centaur on level 7 of the Dungeon)
 M - a +4 ring of protection (on tentacle)
   (You found it on level 8 of the Dungeon)
 T - the amulet of Deodoxkuq (around neck) {rPois Regen+ Int+6 Dex+3}
   (You found it on level 6 of the Lair of Beasts)

   [amulet of regeneration]

   Int:       It affects your intelligence (+6).
   Dex:       It affects your dexterity (+3).
   rPois:     It protects you from poison.
   Regen:     It increases your rate of health regeneration.
 U - a +4 ring of evasion (on tentacle)
   (You found it on level 2 of the Lair of Beasts)
 W - the ring "Faaceche" (on tentacle) {rPois rC++ AC+4 Stlth+}
   (You bought it in a shop on level 11 of the Dungeon)

   [ring of protection]

   AC:        It affects your AC (+4).
   rC:        It greatly protects you from cold.
   rPois:     It protects you from poison.
   Stlth:     It makes you more stealthy.
 X - the ring "Bex Bew" (on tentacle) {rN+ Will+ rCorr}
   (You bought it in a shop on level 11 of the Dungeon)

   [ring of positive energy]

   rN:        It protects you from negative energy.
   rCorr:     It protects you from acid and corrosion.
   Will:      It increases your willpower.
 Z - the ring of Hotoffuo (left fist) {rN+ Str+6 Int+4}
   (You bought it in a shop on level 11 of the Dungeon)

   [ring of strength]

   Str:       It affects your strength (+6).
   Int:       It affects your intelligence (+4).
   rN:        It protects you from negative energy.
Wands
 p - a wand of light (26)
   (You took it off Jessica on level 2 of the Dungeon)
 C - a wand of charming (6)
   (You found it on level 5 of the Dungeon)
 G - a wand of polymorph (33)
   (You took it off Grinder on level 6 of the Dungeon)
 N - a wand of digging (21)
   (You found it on level 10 of the Dungeon)
Scrolls
 h - 7 scrolls of vulnerability {!r!r}
 n - 8 scrolls of poison {!r}
 q - 2 scrolls of blinking {!r}
 s - 4 scrolls of silence {!r}
 t - 4 scrolls of amnesia
 y - 8 scrolls of fear
 z - 2 scrolls of brand weapon
 A - a scroll of summoning
 D - 14 scrolls of teleportation {@r4}
 F - 5 scrolls of magic mapping {!r}
 L - 2 scrolls of enchant armour
 O - 2 scrolls of torment {!r}
 R - 8 scrolls of fog
 V - 3 scrolls of immolation {!r!r}
 Y - 14 scrolls of identify {@r1}
Potions
 a - 5 potions of magic
 b - 22 potions of curing {@q1}
 g - 3 potions of resistance
 i - 6 potions of brilliance
 j - 2 potions of heal wounds {@q2}
 l - 7 potions of lignification {!q}
 m - 5 potions of haste {@q3}
 u - 11 potions of mutation {!q}
 v - 7 potions of attraction {!q}
 w - a potion of berserk rage {!q}
 B - 2 potions of ambrosia
 E - 5 potions of invisibility
 J - 2 potions of cancellation
 Q - 3 potions of might
Miscellaneous
 d - a phantom mirror (inert)
   (You found it on level 2 of the Snake Pit)
 f - a lightning rod (4/4)
   (You found it on level 3 of the Elven Halls)
 k - a condenser vane
   (You found it on level 3 of the Elven Halls)
 P - a box of beasts
   (You found it on level 1 of the Lair of Beasts)
 S - a tin of tremorstones (2/2) {throwing}
   (You found it on level 2 of the Lair of Beasts)

Dungeon Overview and Level Annotations

Branches:
Dungeon (15/15) Zot: 25386  Temple (1/1) D:7 Zot: 5809    Lair (6/6) D:10 Zot: 21366
 Shoals (4/4) Lair:4 Zot: 19635   Snake (4/4) Lair:4 Zot: 20345   Slime (0/5) Lair:6
    Orc (2/2) D:12 Zot: 10217     Elf (3/3) Orc:2 Zot: 13185  Vaults (0/5) D:14
 Depths (2/4) D:15 Zot: 10511   Sewer (visited)          WizLab (visited)

Altars:
Ashenzari
Cheibriados
Dithmenos
Elyvilon
Fedhas
Gozag
Hepliaklqana
Kikubaaqudgha
Makhleb
Nemelex Xobeh
Okawaru
Qazlal
Ru
Sif Muna
Trog
Uskayaw
Vehumet
Wu Jian
Xom
Yredelemnul
Zin
The Shining One

Shops:
D:3 :   D:5 [   D:7 *   D:10 ![::*   D:11 *=   Orc:2 ![*(:   Elf:2 *   Elf:3 ?
Snake:2 =   Snake:4 (   Depths:2 !

Portals:
Hell: Depths:1 Depths:2
Abyss: Depths:1
Pandemonium: Depths:2

Annotations:
D:6 3 runed translucent doors, Taurus's ghost, amateur MiFi; snackwell's ghost, novice DrWr
D:11 1 runed translucent door, croobank's ghost, journeyman HOFi
D:14 2 runed translucent doors, Ireuh's ghost, journeyman TrMo
Lair:4 1 runed translucent door, greenreed's ghost, journeyman GnSu
Lair:5 Rupert
Shoals:2 3 runed translucent doors, Amifaile's ghost, adept HOBr; Kyxzodeg's ghost, adept HOFi; Todgh's ghost, adept GrFi; Wuang's ghost, adept DEFE
Depths:2 Vv

........<.))..≈≈....
...........≈≈≈§§.§...
..≈........§§§≈≈≈§...
§§≈≈.......§§§≈§§§...
§§..........§§.......
§.^..................
.≈≈........$..≈...(..
.§......>..$..≈......
§§...........v.≈≈.............
.............∩9≈..............
#.....###.....................
...... ##....................
... #....................
...§..................
....≈≈.............D.#
....§.....T..........>#
....[.................


You could see Vv and a deep troll.


Message History

The blast of magma engulfs you.
You buffet the deep troll!
You punch the deep troll. The deep troll misses you.
The deep troll completely misses you. x2
HP[+1] MP[+1]
You barely miss the deep troll. You punch the deep troll.
You batter the fire dragon!! The deep troll completely misses you.
The deep troll barely misses you. The deep troll completely misses you.
The fire dragon bites you but does no damage.
The fire dragon completely misses you. x2
HP[+1]
You blast the deep troll!!!
You kill the deep troll!
You batter the fire dragon!!
Lightning courses through the fire dragon!
The fire dragon breathes flames at you. The blast of flame misses you.
Vv calls gouts of flame from the lava!
The flame surge hits you!!
HP[-27]
You take 27 damage, and now have 98/151 hp.
The fire dragon completely misses you. x3; Vv closely misses you.
Vv misses you.
You see here 22 gold pieces.
HP[+1]
You buffet the fire dragon!
You buffet Vv!
The fire dragon bites you!
The fire dragon completely misses you. x2; Vv hits you but does no damage.
Vv completely misses you.
HP[-8]
You take 8 damage, and now have 91/151 hp.
You batter the fire dragon!!
Lightning courses through the fire dragon!
You kill the fire dragon!
You barely miss Vv.
HP[+1] MP[+1]
You closely miss Vv. Vv completely misses you. x2
HP[+1] Unknown command.
You barely miss Vv.
Vv is distracted by your dazzling golden aura.
HP[+1]
You buffet Vv!
Vv is no longer distracted by gold.
You punch Vv, but do no damage. Vv hits you but does no damage.
Vv completely misses you.
HP[+1]
You batter Vv!! Vv hits you but does no damage. Vv hits you.
You are engulfed in flames!!
* * * LOW HITPOINT WARNING * * *
HP[-29]
You take 29 damage, and now have 66/151 hp.
You hit Vv but do no damage.
HP[+1]
You hit Vv but do no damage. Vv closely misses you. Vv hits you.
* * * LOW HITPOINT WARNING * * *
You are engulfed in flames!!
* * * LOW HITPOINT WARNING * * *
HP[-27] MP[+1]
You take 27 damage, and now have 40/151 hp.
Casting: Storm Form (mildly dangerous; 1% risk of failure)
Confirm with . or Enter, or press ? or * to list all spells.
You extend your transformation's duration.
You hear a shout!
You hear two shouts!
Vv barely misses you. Vv hits you but does no damage.
HP[+1] MP[-7]
You lost 7 mp, and now have 17/30 mp.
You hit Vv but do no damage. You punch Vv. Vv misses you. x2
HP[+1]
Aiming: Bolt of Light
Press: ? - help, Q - select action, (/) - cycle Shift-Dir - straight line, f - Vv
Aim: Vv (moderately damaged, 64% to hit)
The bolt of light misses Vv.
Vv completely misses you. Vv barely misses you.
HP[+2]
You regained 2 hp, and now have 44/151 hp.
Aiming: Bolt of Light
Press: ? - help, Q - select action, (/) - cycle Shift-Dir - straight line, f/p - Vv
Aim: Vv (moderately damaged, 64% to hit)
The bolt of light hits Vv but does no damage.
Vv is blinded.
HP[+1] HP[+1] MP[+1] Vv calls gouts of flame from the lava!
The flame surge hits you!
* * * LOW HITPOINT WARNING * * *
HP[-10]
You take 10 damage, and now have 36/151 hp.
You hit Vv.
The deep troll is distracted by your dazzling golden aura.
HP[+1]
The deep troll shouts!
You batter Vv!!
HP[+1]
You catch the helpless Vv completely off-guard!
You blast Vv!!!
The deep troll is no longer distracted by gold.
HP[+1]
You catch the helpless Vv completely off-guard!
You buffet Vv!
Vv is no longer blind.
Vv calls gouts of flame from the lava!
The flame surge hits you!!!
You die...
Your body crumbles into a pile of gold.

Skill      XL: |  1  2  3  4  5  6  7  8  9 10 11 12 13 14 15 16 17 18 19 20 21 |
---------------+----------------------------------------------------------------+-----
Stealth        | 3 4 5 10 | 10.0
Poison Magic   | 5 6 8 |  8.0
Spellcasting   | 3 5 6 8 |  8.7
Fighting       | 6 10 13 15 | 15.0
Ice Magic      | 2 6 |  6.0
Transmutations | 7 9 11 13 15 17 19 20 | 20.0
Unarmed Combat | 6 8 11 | 11.0
Air Magic      | 6 9 13 15 17 19 20 | 20.0
Translocations | 4 |  4.0
Dodging        | 8 14 15 | 15.0

Action                   |  1- 3 |  4- 6 |  7- 9 | 10-12 | 13-15 | 16-18 | 19-21 || total
-------------------------+-------+-------+-------+-------+-------+-------+-------++-------
Melee: Dagger            |    42 |    27 |       |       |       |       |       ||    69
       Tentacles         |    14 |    17 |    13 |    22 |     7 |     3 |       ||    76
       Constrict         |    11 |    16 |    14 |     6 |     9 |     1 |       ||    57
       Unarmed           |     2 |       |       |   248 |   830 |   873 |  1071 ||  3024
       Falchion          |       |    42 |    59 |    51 |    27 |     4 |     2 ||   185
       Punch             |       |     2 |     1 |     2 |    18 |    68 |   111 ||   202
       Kick              |       |       |       |       |       |     4 |     1 ||     5
 Cast: Sting             |    35 |     4 |       |       |       |       |       ||    39
       Olgreb's Toxic Ra |       |     6 |    39 |   115 |   166 |    39 |    25 ||   390
       Ice Form          |       |       |       |    30 |    62 |       |       ||    92
       Storm Form        |       |       |       |       |    19 |    71 |    84 ||   174
       Swiftness         |       |       |       |       |     4 |     1 |     1 ||     6
       Blink             |       |       |       |       |     2 |       |       ||     2
       Yara's Violent Un |       |       |       |       |       |     3 |     7 ||    10
Invok: Call Merchant     |       |       |       |       |     2 |       |       ||     2
       Potion Petition   |       |       |       |       |       |     2 |       ||     2
 Abil: Blinkbolt         |       |       |       |       |     4 |    16 |     7 ||    27
       End Transformatio |       |       |       |       |       |       |     4 ||     4
Evoke: Wand              |       |       |       |       |     6 |     1 |     3 ||    10
       Phantom mirror    |       |       |       |       |       |       |     1 ||     1
  Use: Scroll            |       |     2 |     8 |     5 |    20 |    12 |     5 ||    52
       Potion            |       |     1 |     1 |       |     3 |       |     2 ||     7
 Stab: Sleeping          |     5 |    14 |     8 |     3 |     4 |    11 |     5 ||    50
       Distracted        |     1 |     2 |       |       |     2 |     5 |    20 ||    30
       Petrified         |       |       |       |       |     1 |       |       ||     1
       Paralysed         |       |       |       |       |       |     3 |       ||     3
       Invisible         |       |       |       |       |       |       |     2 ||     2
Armor: Skin              |     5 |     1 |     4 |    41 |   240 |   178 |   210 ||   679
Dodge: Dodged            |    29 |    24 |    40 |   231 |   865 |  1204 |  1596 ||  3989
Block: Other             |       |     6 |     4 |    45 |    97 |       |       ||   152
       Reflection        |       |     1 |     1 |     2 |     1 |       |       ||     5

Levels and vault maps discovered:
D:1:      dpeg_arrival_boxes_within_box, layout_basic, amcnicky_mini_pool_small
D:2:      layout_rooms, uniq_jessica, uniq_terence
D:3:      layout_basic, lightli_temple_of_fire,
          ebering_ecumenical_altar_sacrificial, serial_shops, shop
D:4:      layout_cave_pods
D:5:      layout_basic, serial_shops, kennysheep_mini_moat, gup_sewer_entry_pipe
D:6:      layout_cave_pods, chequers_temple_overflow_minitemple,
          gammafunk_ghost_cemetery, st_stairs_7, uniq_edmund, uniq_grinder
D:7:      layout_rooms, chei_slow_surprise, makhleb_grotto_becter,
          minmay_temple_entry_junction, serial_shops, nicolae_stop_n_shop_2
D:8:      layout_loops_ring, uniq_maggie, uniq_maurice, uniq_grum
D:9:      minmay_the_grid_square_5x5_3x3 [minmay_the_grid_square_5x5_eight,
          minmay_the_grid_square_5x5_checkered_statues,
          minmay_the_grid_square_5x5_almost_minimal,
          minmay_the_grid_square_5x5_empty,
          minmay_the_grid_square_5x5_megaprize_hollow,
          minmay_the_grid_square_5x5_corner, minmay_the_grid_square_5x5_fat_x,
          minmay_the_grid_square_5x5_tie, minmay_the_grid_square_5x5_moneybag],
          layout_rooms
D:10:     minmay_tri_box, layout_basic, grunt_lair_entry_orc_guard_hut,
          serial_shops, shop, shop, shop, shop, nicolae_shop_trees, minmay_holes
D:11:     layout_roguey, ebering_ghost_reflecting_pool,
          kennysheep_generic_room_9
D:12:     layout_cross, orc_0_dummy, minmay_crystal_room, uniq_frances
D:13:     layout_long_grid, minivault_14
D:14:     layout_rooms, grunt_vaults_entry_tiered, muffindrake_ghost_dual_entry,
          hex_medium
D:15:     gammafunk_enter_depths_forms, layout_stronghold
Temple:   regret_index_temple_sphere_string
Lair:1:   layout_long_grid
Lair:2:   layout_cave_pods, hangedman_lair_unloving_vines,
          chequers_serial_rivers_small_a, infiniplex_staircase_pool
Lair:3:   layout_cave_pods, kennysheep_snail_temple, grunt_megastairs_3
Lair:4:   layout_layer_cave, elwin_shoals_entry_rocks,
          minmay_snake_entry_guardpost_small, gammafunk_ghost_grave,
          hibernation_bobbens, uniq_nergalle
Lair:5:   layout_roguey, uniq_rupert
Lair:6:   due_jungle_book, layout_cave_pods, minmay_slime_entry_jelly_boxes,
          nicolae_lair_lindhole
Shoals:1: cheibrodos_shoals_gigantism, layout_shoals,
          portal_ice_cave_entry_ice_statue_one
Shoals:2: layout_shoals, gammafunk_ghost_cemetery
Shoals:3: layout_shoals, nicolae_shoals_mertower, uniq_louise, uniq_ilsuiw,
          uniq_kirke
Shoals:4: shoals_end_hellmonk_storm_palace [storm_palace_center_square,
          storm_palace_corner_blocked, storm_palace_corner_altar,
          storm_palace_corner_narrow, storm_palace_corner_reverse_hut]
Snake:1:  layout_onion_interference
Snake:2:  layout_rooms, serial_shops, shop, serial_curves, eino_curves_03,
          eino_curves_04
Snake:3:  layout_misc_corridors, serial_nicolae_subway,
          nicolae_sub_station_stone, nicolae_sub_station_metal,
          nicolae_sub_station_crystal
Snake:4:  johnstein_snake_rune_scales, layout_misc_corridors, serial_shops,
          nicolae_shop_bloodbath_and_beyond, nicolae_snake_snake_lake
Orc:1:    layout_caves, uniq_snorg, uniq_jorgrun, uniq_erolcha
Orc:2:    st_orc_elflike, layout_caves, serial_shops, shop_fountains
Elf:1:    nicolae_elf_arrival_fired_up, layout_gridlike,
          hangedman_corner_corridor, ebering_dispersal_statue_hall
Elf:2:    elven_hall_of_blades_hangedman_original
          [nicolae_blade_entry_diamond_columns], layout_gridlike, serial_shops,
          shop
Elf:3:    minmay_elf_hall_statues, layout_gridlike, serial_shops, shop,
          mu_enter_wizlab_2, grunt_megastairs_4, uniq_zenata
Depths:1: layout_gridlike, minmay_misc_feat_tower,
          nicolae_hell_entry_hellmouth_sunbeams, abyss_entry_small_statue_room,
          nicolae_ru_path_of_blood, serial_bayou_shore_a, firewood_loft,
          grunt_megastairs_5, uniq_asterion
Depths:2: minmay_skeletal_surprise, layout_cave_pools, pan_entry, hell_entry,
          serial_shops, shop, nicolae_elyvilon_temple_path, abyss_entry,
          serial_bayou_shore_b, infiniplex_staircase_diamond, uniq_nikola,
          uniq_vv

Notes
Turn   | Place    | Note
-------+----------+-------------------------------------------
     0 | D:1      | zeratav the Octopode Venom Mage began the quest for the
                  | Orb.
     0 | D:1      | Reached XP level 1. HP: 11/11 MP: 3/3
     0 | D:1      | magus.rc [v1.9.6]
     0 | D:1      | magus.rc [v1.9.6]
   198 | D:1      | Reached skill level 3 in Stealth
   362 | D:1      | Reached XP level 2. HP: 15/17 MP: 3/5
   433 | D:1      | Reached skill level 4 in Stealth
   864 | D:1      | Reached XP level 3. HP: 17/21 MP: 0/6
   868 | D:1      | Reached skill level 5 in Stealth
  1654 | D:2      | Reached skill level 4 in Poison Magic
  1950 | D:2      | Noticed Terence
  1961 | D:2      | Killed Terence
  1962 | D:2      | Reached skill level 5 in Poison Magic
  1962 | D:2      | Reached XP level 4. HP: 13/27 MP: 2/7
  2251 | D:2      | You pick up a book of Rime and begin reading...
  2251 | D:2      | You add the spells Frozen Ramparts, Ice Form and Summon Ice
                  | Beast to your library.
  2402 | D:2      | You fall into a shaft and drop 2 floors!
  2469 | D:2      | Noticed Jessica
  2476 | D:2      | Killed Jessica
  2477 | D:2      | Reached XP level 5. HP: 31/31 MP: 8/8
  2734 | D:3      | Identified the +8 falchion "Xakhetepp" {spect, rPois}
  2742 | D:3      | Learned a level 4 spell: Olgreb's Toxic Radiance
  2778 | D:3      | Found Veti's Book Emporium.
  2811 | D:3      | You add the spells Gell's Gravitas, Teleport Other and
                  | Dispersal to your library.
  2860 | D:3      | Reached skill level 6 in Poison Magic
  2955 | D:3      | Found a faded altar of an unknown god.
  3225 | D:3      | Found a bloodstained altar of Trog.
  3467 | D:3      | You add the spells Blink, Manifold Assault and Storm Form
                  | to your library.
  4055 | D:4      | Reached XP level 6. HP: 36/36 MP: 9/9
  4065 | D:4      | Reached skill level 7 in Poison Magic
  4468 | D:5      | Entered Level 5 of the Dungeon
  4489 | D:5      | Noticed a water moccasin
  4500 | D:5      | Found a glowing drain.
  4507 | D:5      | HP: 9/36 [quokka (3)]
  4734 | Sewer    | Entered a sewer
  4752 | Sewer    | Noticed Pargi
  4760 | Sewer    | Killed Pargi
  4761 | Sewer    | Reached skill level 8 in Poison Magic
  4884 | D:5      | Reached skill level 3 in Spellcasting
  4884 | D:5      | Reached XP level 7. HP: 41/41 MP: 9/11
  5023 | D:5      | Reached skill level 4 in Spellcasting
  5349 | D:5      | Found Xisus's Armour Boutique.
  5467 | D:5      | Reached skill level 5 in Spellcasting
  5545 | D:5      | Reached XP level 8. HP: 33/46 MP: 14/16
  5985 | D:6      | Reached skill level 6 in Spellcasting
  5985 | D:6      | Reached skill level 1 in Fighting
  6108 | D:6      | Reached skill level 2 in Fighting
  6150 | D:6      | Reached skill level 3 in Fighting
  6408 | D:6      | Found a runed translucent gate.
  6408 | D:6      | Found a runed translucent gate.
  6408 | D:6      | Found a runed translucent gate.
  6481 | D:6      | Reached skill level 4 in Fighting
  6704 | D:6      | Reached skill level 5 in Fighting
  7012 | D:6      | Found a shadowy altar of Dithmenos.
  7012 | D:6      | Found a blossoming altar of Fedhas.
  7012 | D:6      | Noticed Edmund
  7028 | D:6      | Killed Edmund
  7029 | D:6      | Reached skill level 6 in Fighting
  7029 | D:6      | Reached XP level 9. HP: 63/63 MP: 7/18
  7129 | D:6      | Found a faded altar of an unknown god.
  7131 | D:6      | Found a faded altar of an unknown god.
  7133 | D:6      | Found a sparkling altar of Nemelex Xobeh.
  7280 | D:6      | You pick up a book of Burglary and begin reading...
  7280 | D:6      | You add the spells Passwall, Ensorcelled Hibernation and
                  | Swiftness to your library.
  7328 | D:6      | Noticed Grinder
  7331 | D:6      | Killed Grinder
  7332 | D:6      | Reached skill level 7 in Fighting
  7352 | D:6      | Noticed Taurus's ghost (amateur MiFi)
  7352 | D:6      | Noticed snackwell's ghost (novice DrWr)
  7700 | D:7      | Upgraded the game from 0.29-a0-617-g7a6b98fccd to
                  | 0.29-a0-620-g13ace881f2
  7700 | D:7      | magus.rc [v1.9.6]
  7700 | D:7      | Upgraded the game from 0.29-a0-620-g13ace881f2 to
                  | 0.29-a0-643-ga013cefcf8
  7700 | D:7      | magus.rc [v1.9.6]
  7731 | D:7      | Found Soskysa's General Store.
  7749 | D:7      | Reached skill level 8 in Fighting
  7792 | D:7      | Bought a scroll of teleportation for 33 gold pieces
  7792 | D:7      | Bought 2 potions of curing for 66 gold pieces
  7875 | D:7      | Found a staircase to the Ecumenical Temple.
  7888 | Temple   | Entered the Ecumenical Temple
  8065 | Temple   | Became a worshipper of Gozag Ym Sagoz the Greedy
  8107 | D:7      | You pick up a book of Winter and begin reading...
  8107 | D:7      | You add the spells Ozocubu's Armour and Metabolic
                  | Englaciation to your library.
  8130 | D:7      | Reached skill level 9 in Fighting
  8334 | D:7      | Found a snail-covered altar of Cheibriados.
  8534 | D:7      | Found a burning altar of Makhleb.
  8565 | D:8      | Noticed Grum
  8623 | D:8      | Killed Grum
  8819 | D:8      | Reached skill level 10 in Fighting
  8819 | D:8      | Reached skill level 1 in Ice Magic
  8980 | D:8      | Reached skill level 2 in Ice Magic
  8980 | D:8      | Reached XP level 10. HP: 54/76 MP: 15/19
  9087 | D:8      | Noticed a two-headed ogre
  9117 | D:8      | Killed a two-headed ogre
  9118 | D:8      | Reached skill level 4 in Ice Magic
  9255 | D:8      | Reached skill level 5 in Ice Magic
  9445 | D:8      | Noticed Maggie
  9466 | D:8      | Killed Maggie
  9494 | D:8      | Identified the +0 robe "Foxittekh" {rPois rN+ Will- Dex+2}
  9616 | D:8      | Noticed Maurice
  9672 | D:8      | Killed Maurice
  9673 | D:8      | Reached skill level 6 in Ice Magic
  9673 | D:8      | Reached skill level 2 in Transmutations
 10028 | D:9      | Reached skill level 3 in Transmutations
 10175 | D:9      | Noticed a two-headed ogre
 10199 | D:9      | Killed a two-headed ogre
 10199 | D:9      | HP: 10/76 [something (22)]
 10200 | D:9      | Reached skill level 5 in Transmutations
 10544 | D:9      | Reached skill level 6 in Transmutations
 11051 | D:9      | You pick up a book of Sloth and begin reading...
 11051 | D:9      | You add the spells Petrify and Statue Form to your library.
 11097 | D:9      | Noticed a boulder beetle
 11123 | D:9      | Reached skill level 7 in Transmutations
 11123 | D:9      | Reached XP level 11. HP: 81/81 MP: 15/20
 11141 | D:9      | Learned a level 4 spell: Ice Form
 11424 | D:9      | Reached skill level 1 in Unarmed Combat
 11786 | D:9      | You pick up a book of Weapons and begin reading...
 11786 | D:9      | You add the spells Tukima's Dance, Portal Projectile and
                  | Blade Hands to your library.
 11854 | D:10     | Entered Level 10 of the Dungeon
 11856 | D:10     | Found Ruat's Book Shop.
 11930 | D:10     | Reached skill level 2 in Unarmed Combat
 12112 | D:10     | Found a staircase to the Lair.
 12117 | D:10     | Reached skill level 3 in Unarmed Combat
 12259 | D:10     | Found Xyogitad's Assorted Antiques.
 12267 | D:10     | Bought a scroll of blinking for 195 gold pieces
 12267 | D:10     | Bought a scroll of identify for 52 gold pieces
 12267 | D:10     | Bought a scroll labelled ATAEVI JEMOUTZ for 26 gold pieces
 12327 | D:10     | Noticed a two-headed ogre
 12360 | D:10     | Killed a two-headed ogre
 12361 | D:10     | Reached skill level 8 in Transmutations
 12626 | D:10     | Found Ovetwe Besk's Armour Shoppe.
 12626 | D:10     | Found Fonowyfi's Distillery.
 12626 | D:10     | Found Xaprerusm's Book Shoppe.
 12626 | D:10     | Noticed a two-headed ogre
 12709 | D:10     | Killed a two-headed ogre
 12710 | D:10     | Reached skill level 4 in Unarmed Combat
 12820 | D:10     | Bought a +2 hat for 224 gold pieces
 12903 | D:10     | Noticed a wizard
 12903 | D:10     | Noticed a centaur warrior
 12903 | D:10     | Noticed a centaur warrior
 13790 | D:10     | Identified the +1 leather armour "Toaduato" {+Blink Will+
                  | Regen+ rCorr}
 13842 | Lair:1   | Entered Level 1 of the Lair of Beasts
 14127 | Lair:1   | Reached skill level 5 in Unarmed Combat
 14127 | Lair:1   | Reached skill level 9 in Transmutations
 14691 | Lair:1   | You pick up a book of Power and begin reading...
 14691 | Lair:1   | You add the spells Iskenderun's Battlesphere, Iron Shot and
                  | Spellforged Servitor to your library.
 15199 | Lair:1   | You fall into a shaft and drop 1 floor!
 15336 | Lair:2   | Reached skill level 6 in Unarmed Combat
 15840 | Lair:2   | Reached XP level 12. HP: 73/87 MP: 4/21
 15858 | Lair:2   | Reached skill level 10 in Transmutations
 15968 | Lair:2   | Noticed a death yak
 15971 | Lair:2   | Noticed a death yak
 15993 | Lair:2   | Reached skill level 7 in Unarmed Combat
 16195 | Lair:2   | Reached skill level 8 in Unarmed Combat
 16339 | Lair:2   | Reached skill level 1 in Air Magic
 16509 | Lair:2   | Noticed an eight-headed hydra
 16737 | Lair:2   | Noticed a death yak
 16759 | Lair:2   | Killed a death yak
 16760 | Lair:2   | Reached skill level 2 in Air Magic
 16766 | Lair:1   | Killed a death yak
 16767 | Lair:1   | Reached skill level 3 in Air Magic
 16898 | Lair:2   | Killed a death yak
 17165 | Lair:2   | Noticed a seven-headed hydra
 17299 | Lair:3   | Reached skill level 4 in Air Magic
 17421 | Lair:3   | Reached skill level 11 in Transmutations
 17620 | Lair:3   | Reached skill level 5 in Air Magic
 17877 | Lair:3   | Found a snail-covered altar of Cheibriados.
 18266 | Lair:3   | Noticed a death yak
 18267 | Lair:3   | Noticed a death yak
 18267 | Lair:3   | Noticed a death yak
 18267 | Lair:3   | Noticed a death yak
 18268 | Lair:3   | Noticed a death yak
 18285 | Lair:3   | Killed a death yak
 18286 | Lair:3   | Reached skill level 6 in Air Magic
 18291 | Lair:3   | Noticed a death yak
 18292 | Lair:3   | Killed a death yak
 18293 | Lair:3   | Reached XP level 13. HP: 86/92 MP: 12/22
 18603 | Lair:3   | Reached skill level 12 in Transmutations
 18856 | Lair:3   | Reached skill level 7 in Air Magic
 19603 | Lair:3   | Learned a level 3 spell: Swiftness
 20007 | Lair:4   | Noticed Nergalle
 20030 | Lair:4   | Killed Nergalle
 20221 | Lair:4   | Reached skill level 1 in Translocations
 20221 | Lair:4   | Reached skill level 8 in Air Magic
 20337 | Lair:4   | Found a runed translucent door.
 20337 | Lair:4   | Noticed greenreed's ghost (journeyman GnSu)
 20537 | Lair:4   | Reached skill level 2 in Translocations
 20669 | Lair:4   | Found a staircase to the Snake Pit.
 21043 | Lair:4   | Found a staircase to the Shoals.
 21103 | Lair:4   | Learned a level 2 spell: Blink
 21358 | Lair:4   | Reached skill level 13 in Transmutations
 21365 | Lair:4   | Reached skill level 3 in Translocations
 22128 | Lair:5   | Reached skill level 4 in Translocations
 22129 | Lair:5   | Reached skill level 9 in Air Magic
 22281 | Lair:5   | Noticed Rupert
 22866 | Lair:6   | Entered Level 6 of the Lair of Beasts
 22886 | Lair:5   | Reached XP level 14. HP: 65/99 MP: 5/23
 23204 | Lair:6   | You pick up a book of Hexes and begin reading...
 23204 | Lair:6   | You add the spells Inner Flame, Cause Fear and Discord to
                  | your library.
 23400 | Lair:6   | Found a staircase to the Slime Pits.
 23523 | Lair:5   | Reached skill level 10 in Air Magic
 23579 | Lair:6   | Reached skill level 14 in Transmutations
 25070 | Lair:6   | Noticed a dire elephant
 25075 | Lair:6   | Noticed a dire elephant
 25111 | Lair:6   | HP: 12/115 [dire elephant (24)]
 25113 | Lair:6   | Killed a dire elephant
 25446 | Lair:6   | Killed a dire elephant
 25691 | Lair:6   | Noticed a dire elephant
 25724 | Lair:6   | Noticed a dire elephant
 25754 | Lair:6   | Killed a dire elephant
 25903 | Lair:6   | Reached skill level 11 in Air Magic
 26026 | Lair:6   | Learned a level 7 spell: Storm Form
 26428 | Lair:6   | Killed a dire elephant
 27114 | Lair:6   | Identified the amulet of Deodoxkuq {rPois Regen+ Int+6
                  | Dex+3}
 27170 | Lair:6   | Identified the +1 ring mail "Qettuiri" {rF++}
 28142 | Shoals:1 | Entered Level 1 of the Shoals
 28197 | Shoals:1 | Reached skill level 15 in Transmutations
 28255 | Shoals:1 | Found a frozen archway.
 28255 | Shoals:1 | HP: 20/118 [something/ball of steam (43)]
 28648 | D:11     | Bought a scroll of fear for 45 gold pieces
 28648 | D:11     | Bought a scroll of teleportation for 39 gold pieces
 28651 | D:11     | Bought the ring "Faaceche" {rPois rC++ AC+4 Stlth+} for
                  | 1012 gold pieces
 28651 | D:11     | Bought the ring "Bex Bew" {rN+ Will+ rCorr} for 573 gold
                  | pieces
 28671 | D:11     | Reached skill level 12 in Air Magic
 29388 | D:11     | You pick up a book of Hexes and begin reading...
 29770 | D:11     | Found a runed translucent door.
 29773 | D:11     | Noticed croobank's ghost (journeyman HOFi)
 29815 | D:12     | Found a staircase to the Orcish Mines.
 29952 | D:12     | You add the spells Passage of Golubria and Yara's Violent
                  | Unravelling to your library.
 30126 | D:12     | Reached skill level 13 in Air Magic
 30128 | D:12     | Reached XP level 15. HP: 99/103 MP: 24/24
 30265 | D:12     | Noticed Frances
 30841 | D:12     | Gained mutation: You sometimes lose the ability to read
                  | scrolls when taking damage. [a neqoxec]
 30928 | D:11     | Lost mutation: You sometimes lose the ability to read
                  | scrolls when taking damage. [potion of mutation]
 30928 | D:11     | Gained mutation: Your flesh is cold resistant. (rC+)
                  | [potion of mutation]
 30928 | D:11     | Gained mutation: You are weak. (Str -2) [potion of
                  | mutation]
 30928 | D:11     | Gained mutation: You are covered in fur. (AC +1) [potion of
                  | mutation]
 30928 | D:11     | Gained mutation: One of your tentacles bears a spike.
                  | [potion of mutation]
 31196 | D:12     | Killed Frances
 31555 | Orc:1    | Entered Level 1 of the Orcish Mines
 31579 | Orc:1    | Reached skill level 14 in Air Magic
 31735 | Orc:1    | magus.rc [v1.9.6]
 31902 | D:11     | Bought the ring of Hotoffuo {rN+ Str+6 Int+4} for 1171 gold
                  | pieces
 31978 | Orc:2    | Entered Level 2 of the Orcish Mines
 32355 | Orc:1    | Noticed Snorg
 32373 | Orc:1    | Killed Snorg
 32535 | Orc:1    | Noticed Jorgrun
 32544 | Orc:1    | Killed Jorgrun
 32768 | Orc:2    | Reached skill level 15 in Air Magic
 32778 | Orc:2    | Reached skill level 3 in Dodging
 32791 | Orc:2    | Reached skill level 4 in Dodging
 32793 | Orc:2    | Found Zakhetsi's Assorted Antiques.
 32793 | Orc:2    | Found Yhoam's Antique Armour Boutique.
 32803 | Orc:2    | Found Lepnexuxt's Book Shoppe.
 32803 | Orc:2    | Found Juqoloa's Antique Weapon Shoppe.
 32887 | Orc:2    | Bought a scroll of identify for 40 gold pieces
 32954 | Orc:2    | Found a staircase to the Elven Halls.
 32966 | Orc:2    | Found Lokosh's Distillery.
 32980 | Orc:2    | Bought a potion of haste for 130 gold pieces
 32980 | Orc:2    | Bought a potion of mutation for 104 gold pieces
 33036 | Orc:1    | Noticed Erolcha
 33040 | Orc:1    | Killed Erolcha
 33041 | Orc:1    | Reached skill level 5 in Dodging
 33427 | Elf:1    | Entered Level 1 of the Elven Halls
 33442 | Elf:1    | Reached skill level 6 in Dodging
 33500 | Elf:1    | Reached skill level 7 in Dodging
 33665 | Elf:1    | You are sucked into a shaft and drop 1 floor!
 33671 | Elf:2    | Reached skill level 8 in Dodging
 33673 | Elf:2    | Reached XP level 16. HP: 79/109 MP: 17/25
 33674 | Elf:2    | Reached skill level 9 in Dodging
 33832 | Elf:2    | Reached skill level 10 in Dodging
 33874 | Elf:2    | Found a runed translucent gate.
 33876 | Elf:2    | Found a runed translucent gate.
 33878 | Elf:2    | Found a runed translucent gate.
 34471 | Elf:1    | Reached skill level 11 in Dodging
 34662 | Elf:2    | Reached skill level 12 in Dodging
 34677 | Elf:2    | Identified the +2 pair of boots of Cumnibem {Str+2 Dex+3
                  | Slay+2}
 34836 | Elf:2    | Found Ipiebun's General Store.
 34848 | Elf:2    | Bought a scroll of identify for 28 gold pieces
 34848 | Elf:2    | Bought a scroll of identify for 28 gold pieces
 35104 | Elf:2    | Reached skill level 13 in Dodging
 35536 | Elf:2    | Reached skill level 14 in Dodging
 35568 | Elf:2    | Reached XP level 17. HP: 98/115 MP: 18/26
 35978 | Elf:3    | Entered Level 3 of the Elven Halls
 35985 | Elf:3    | Paralysed by an air elemental for 1 turns
 36161 | Elf:3    | Reached skill level 15 in Dodging
 36186 | Elf:3    | Found Ceoxoas's Magic Scroll Boutique.
 36201 | Elf:3    | Bought a scroll of identify for 26 gold pieces
 36201 | Elf:3    | Bought a scroll of identify for 26 gold pieces
 36201 | Elf:3    | Bought a scroll of identify for 26 gold pieces
 36201 | Elf:3    | Bought a scroll of identify for 26 gold pieces
 36201 | Elf:3    | Bought a scroll of identify for 26 gold pieces
 36222 | Elf:3    | Noticed Zenata
 36229 | Elf:3    | Reached skill level 6 in Stealth
 36233 | Elf:3    | Reached skill level 7 in Stealth
 36247 | Elf:3    | Reached skill level 8 in Stealth
 36283 | Elf:3    | Reached skill level 9 in Stealth
 36296 | Elf:3    | Reached skill level 10 in Stealth
 36378 | Elf:3    | Killed Zenata
 36380 | Elf:3    | a +2 executioner's axe of electrocution {axerare=g}; a +0
                  | ring mail
 36386 | Elf:3    | Found a magical portal.
 36406 | WizLab   | Entered The Roulette of Golubria
 36406 | WizLab   | Found a transporter.
 36467 | WizLab   | Found a corrupted altar of Lugonu.
 36500 | WizLab   | Found a corrupted altar of Lugonu.
 36501 | WizLab   | Found a transporter.
 36524 | WizLab   | Found a transporter.
 36538 | WizLab   | Found a transporter.
 36609 | WizLab   | Noticed a tentacled starspawn
 36615 | WizLab   | Killed a tentacled starspawn
 36616 | WizLab   | Found a transporter.
 36626 | WizLab   | Found the +1 cloak of Starlight {*Dazzle EV+4 Stlth--}
 36755 | WizLab   | Found a transporter.
 36805 | WizLab   | Found a transporter.
 36821 | WizLab   | Found a transporter.
 36842 | WizLab   | Found a transporter.
 36907 | WizLab   | Reached skill level 11 in Fighting
 36919 | WizLab   | Found a transporter.
 36919 | WizLab   | Found a transporter.
 36939 | WizLab   | Found a transporter.
 36972 | WizLab   | You pick up a book of Displacement and begin reading...
 37233 | WizLab   | Found a transporter.
 37233 | WizLab   | Found a transporter.
 37267 | WizLab   | Found a transporter.
 37528 | WizLab   | Found a transporter.
 37528 | WizLab   | Found a transporter.
 37605 | WizLab   | Found a transporter.
 37618 | WizLab   | Identified the +1 cloak "Zuoloadi" {rElec}
 37813 | WizLab   | Found a transporter.
 38068 | WizLab   | Found a transporter.
 38086 | WizLab   | Identified the ring "Uneajiu" {Fly Dex+4 Stlth+}
 38595 | Elf:3    | z - a +2 executioner's axe of electrocution {axerare=g}
 38606 | Elf:3    | You drop a +2 executioner's axe of electrocution
                  | {axerare=g}.
 38739 | Elf:3    | Reached skill level 12 in Fighting
 39103 | Elf:3    | Learned a level 5 spell: Yara's Violent Unravelling
 39171 | Elf:3    | Identified the +3 plate armour "Uguraico" {+Inv rN+ Will+}
 39171 | Elf:3    | Identified the amulet "Mofagump" {Acrobat Fragile rElec
                  | rCorr Int+6}
 39171 | Elf:3    | Noticed a deep elf master archer
 39178 | Elf:3    | Killed a deep elf master archer
 39270 | Elf:3    | Reached skill level 13 in Fighting
 39278 | Elf:3    | Reached XP level 18. HP: 124/128 MP: 17/27
 39287 | Elf:3    | Identified the +9 broad axe "Tufotocoa" {vorpal, rC++ rN+
                  | rCorr}
 39293 | Elf:3    | Noticed a deep elf master archer
 39333 | Elf:3    | Killed a deep elf master archer
 39602 | Elf:3    | Noticed a deep elf blademaster
 39605 | Elf:3    | Noticed a deep elf blademaster
 39609 | Elf:3    | Noticed a deep elf blademaster
 39614 | Elf:3    | Identified the +11 hand crossbow of Inflation {vorpal,
                  | Int+3}
 39618 | Elf:3    | Noticed a deep elf blademaster
 39622 | Elf:3    | Killed a deep elf blademaster
 39622 | Elf:3    | Killed a deep elf blademaster
 39623 | Elf:3    | Reached skill level 14 in Fighting
 39628 | Elf:3    | Killed a deep elf blademaster
 39629 | Elf:3    | Noticed a deep elf master archer
 39637 | Elf:3    | HP: 19/132 [deep elf blademaster/+0 rapier (15)]
 39639 | Elf:3    | HP: 4/132 [deep elf blademaster/+0 rapier (17)]
 39777 | Elf:3    | Killed a deep elf blademaster
 39959 | Elf:3    | Killed a deep elf master archer
 40077 | Elf:3    | You pick up a book of Weapons and begin reading...
 40093 | Elf:3    | You pick up a book of Flames and begin reading...
 40093 | Elf:3    | You add the spells Foxfire, Conjure Flame and Flame Wave to
                  | your library.
 40095 | Elf:3    | Got Kirag's Handbook of the Hurtful Oath
 40098 | Elf:3    | Got the Almanac of Congealing Flight
 40104 | Elf:3    | You pick up a book of Iron and begin reading...
 40220 | Elf:3    | Reached skill level 15 in Fighting
 40267 | Elf:3    | Could not pick up a +2 executioner's axe of electrocution
                  | {axerare=g} here; ([A]lways) ignore it?
 40635 | D:10     | You pick up a book of Displacement and begin reading...
 40783 | D:10     | You pick up a book of the Sky and begin reading...
 40783 | D:10     | You add the spells Summon Lightning Spire and Maxwell's
                  | Capacitive Coupling to your library.
 41073 | D:13     | Reached skill level 9 in Unarmed Combat
 41656 | D:14     | Reached skill level 10 in Unarmed Combat
 41701 | D:14     | Found a runed translucent door.
 41706 | D:14     | Noticed a lich
 41707 | D:14     | Noticed Ireuh's ghost (journeyman TrMo)
 41709 | D:14     | Found a runed translucent door.
 41840 | D:14     | You pick up a book of the Senses and begin reading...
 41840 | D:14     | You add the spells Dazzling Flash, Agony and Silence to
                  | your library.
 41888 | D:14     | Found a gate to the Vaults.
 42037 | D:14     | Reached skill level 11 in Unarmed Combat
 42300 | D:15     | Entered Level 15 of the Dungeon
 42367 | D:15     | Identified +0 pearl dragon scales
 42368 | D:15     | x - +0 pearl dragon scales {rare=g}
 42377 | D:15     | You drop +0 pearl dragon scales {rare=g}.
 42719 | D:15     | Identified the +9 war axe of True Grit {flame, rF+++ Str+3
                  | Int-2}
 42833 | D:15     | Identified the +3 hand axe of Femobu {flame, rCorr}
 42918 | D:15     | O - +0 pearl dragon scales {rare=g}
 42919 | D:15     | You drop +0 pearl dragon scales {rare=g}.
 42924 | D:15     | O - +0 pearl dragon scales {rare=g}
 43029 | D:14     | You drop +0 pearl dragon scales {rare=g}.
 43109 | D:15     | Reached XP level 19. HP: 139/139 MP: 18/28
 43330 | D:15     | Found a staircase to the Depths.
 44402 | Shoals:1 | Reached skill level 16 in Air Magic
 44518 | Shoals:1 | Reached skill level 16 in Transmutations
 45209 | Shoals:2 | Found a runed translucent gate.
 45209 | Shoals:2 | Found a runed translucent gate.
 45209 | Shoals:2 | Found a runed translucent gate.
 45211 | Shoals:2 | Noticed Amifaile's ghost (adept HOBr)
 45211 | Shoals:2 | Noticed Kyxzodeg's ghost (adept HOFi)
 45213 | Shoals:2 | Noticed Wuang's ghost (adept DEFE)
 45213 | Shoals:2 | Noticed Todgh's ghost (adept GrFi)
 45214 | Shoals:2 | Noticed Wuang's ghost (adept DEFE)
 45266 | Shoals:2 | You are sucked into a shaft and drop 1 floor!
 45836 | Shoals:3 | Noticed Ilsuiw
 45847 | Shoals:3 | Killed Ilsuiw
 46230 | Shoals:3 | Noticed Kirke
 46237 | Shoals:3 | Killed Kirke
 46545 | Shoals:3 | Noticed Louise
 46556 | Shoals:3 | Killed Louise
 46650 | Shoals:3 | d - a +5 eveningstar of draining {macerare=g}
 46652 | Shoals:3 | You drop a +5 eveningstar of draining {macerare=g}.
 46666 | Shoals:3 | d - a +5 eveningstar of draining {macerare=g}
 46865 | Shoals:2 | You drop a +5 eveningstar of draining {macerare=g}.
 46888 | Shoals:4 | Entered Level 4 of the Shoals
 46968 | Shoals:4 | Paralysed by an air elemental for 1 turns
 47067 | Shoals:4 | Found a radiant altar of Vehumet.
 47071 | Shoals:4 | Identified a scroll of acquirement
 47076 | Shoals:4 | Acquired 644 gold pieces
 47142 | Shoals:4 | Reached skill level 17 in Air Magic
 47146 | Shoals:4 | Reached skill level 17 in Transmutations
 47542 | Shoals:4 | You pick up a book of the Earth and begin reading...
 47542 | Shoals:4 | You add the spells Leda's Liquefaction and Lee's Rapid
                  | Deconstruction to your library.
 47544 | Shoals:4 | Got a barnacled rune of Zot
 47547 | Shoals:4 | You pick up a book of Sloth and begin reading...
 47564 | Shoals:4 | Reached XP level 20. HP: 145/145 MP: 23/29
 47763 | Shoals:4 | Paralysed by an air elemental for 1 turns
 47769 | Shoals:4 | Paralysed by an air elemental for 1 turns
 48126 | Snake:1  | Entered Level 1 of the Snake Pit
 48546 | Snake:1  | You add the spells Malign Gateway and Summon Horrible
                  | Things to your library.
 49172 | Snake:2  | Found Ziahaucs's Jewellery Boutique.
 49261 | Snake:2  | Reached skill level 18 in Transmutations
 49261 | Snake:2  | Reached skill level 18 in Air Magic
 49898 | Snake:3  | Found a transporter.
 49907 | Snake:3  | Found a transporter.
 49919 | Snake:3  | You pick up a book of Misfortune and begin reading...
 49919 | Snake:3  | You add the spells Confusing Touch and Enfeeble to your
                  | library.
 50146 | Snake:3  | Found a transporter.
 50178 | Snake:3  | You pick up a book of Rime and begin reading...
 50300 | Snake:3  | You pick up a book of Dreams and begin reading...
 50300 | Snake:3  | You add the spells Spider Form and Anguish to your library.
 50307 | Snake:3  | Found a transporter.
 50382 | Snake:3  | A - a +0 executioner's axe {axerare=g}
 50392 | Snake:2  | You drop a +0 executioner's axe {axerare=g}.
 50462 | Snake:3  | Found a transporter.
 50761 | Snake:3  | Found a transporter.
 50816 | Snake:4  | Entered Level 4 of the Snake Pit
 51370 | Snake:4  | Reached skill level 19 in Transmutations
 51370 | Snake:4  | Reached skill level 19 in Air Magic
 51398 | Snake:4  | Found Halopp's Weapon Emporium.
 51405 | Snake:4  | Identified the +11 hand axe "Killer Bee's Curse" {pain,
                  | Will+ rCorr}
 51580 | Snake:4  | Reached XP level 21. HP: 147/151 MP: 25/30
 51590 | Snake:4  | Noticed Vashnia
 51633 | Snake:4  | Killed Vashnia
 51700 | Snake:4  | Got a serpentine rune of Zot
 52106 | Depths:1 | Entered Level 1 of the Depths
 52157 | Depths:1 | Found a gateway to Hell.
 52317 | Depths:1 | Noticed Asterion
 52337 | Depths:1 | Killed Asterion
 52500 | Depths:1 | Gained mutation: Your magical capacity is low. (-10% MP)
                  | [you]
 52600 | Depths:1 | Reached skill level 20 in Transmutations
 52600 | Depths:1 | Reached skill level 20 in Air Magic
 52813 | Depths:1 | You pick up a book of Necromancy and begin reading...
 52813 | Depths:1 | You add the spells Necrotize and Vampiric Draining to your
                  | library.
 52998 | Depths:1 | Found a sacrificial altar of Ru.
 53045 | Depths:1 | Found a one-way gate to the infinite horrors of the Abyss.
 53082 | Depths:1 | Reached skill level 7 in Spellcasting
 53343 | Depths:2 | Found Xutiqy's Distillery.
 53395 | Depths:2 | Noticed Vv
 53428 | Depths:2 | HP: 28/151 [Vv (41)]
 53565 | Depths:2 | Reached skill level 8 in Spellcasting
 53568 | Depths:2 | Found a one-way gate leading to the halls of Pandemonium.
 53629 | Depths:2 | HP: 36/151 [Vv/flame surge (11)]
 53633 | Depths:2 | Killed from afar by Vv

Vanquished Creatures
  Vashnia (Snake:4)
  Zenata (Elf:3)
  Jorgrun (Orc:1)
  Asterion (Depths:1)
  4 deep elf blademasters (Elf:3)
  3 deep elf master archers (Elf:3)
  2 titans
  A tentacled starspawn (WizLab)
  Frances (D:12)
  Kirke (Shoals:3)
  2 nagarajas
  Ilsuiw (Shoals:3)
  2 fire giants (Depths:1)
  A frost giant (shapeshifter) (Depths:1)
  A frost giant (Depths:2)
  7 deep elf sorcerers
  6 deep elf elementalists
  Louise (Shoals:3)
  4 very ugly things
  A stone giant (Depths:1)
  5 deep elf demonologists
  4 dire elephants (Lair:6)
  3 vampire knights (Depths:1)
  9 deep elf annihilators
  2 ettins
  Snorg (Orc:1)
  16 merfolk impalers
  3 deep elf death magi (Elf:3)
  7 merfolk javelineers
  Erolcha (Orc:1)
  3 deep elf high priests (Elf:3)
  2 fire dragons
  5 hydras
  2 great orbs of eyes (Depths:1)
  3 rakshasas
  4 salamander tyrants
  An ice dragon (Depths:1)
  4 boulder beetles
  A spriggan air mage (Depths:1)
  2 vault guards (D:14)
  6 merfolk avatars
  A radroach (shapeshifter) (D:15)
  A death knight (D:13)
  An ogre mage (D:15)
  8 anacondas
  8 centaur warriors
  9 two-headed ogres
  A catoblepas (Lair:4)
  4 merfolk aquamancers
  3 satyrs
  A hell hog (Depths:1)
  An alligator snapping turtle (Shoals:4)
  19 death yaks
  14 naga warriors
  14 naga sharpshooters
  A deep troll shaman (Depths:1)
  10 tengu warriors
  3 deep troll earth magi (Depths:2)
  A thrashing horror (WizLab)
  8 shock serpents
  A soul eater (WizLab)
  2 spriggans (Depths:1)
  2 spriggan berserkers (Depths:1)
  Nergalle (Lair:4)
  30 deep elf knights
  4 orc high priests
  10 hell knights
  9 sun demons
  6 skeletal warriors
  2 spectral death yaks (Lair:6)
  5 salamander mystics
  A death drake (shapeshifter) (Elf:3)
  A death drake (WizLab)
  An iron troll (Depths:1)
  A fire crab (shapeshifter) (Elf:3)
  3 glowing orange brains
  A spectral anaconda (Lair:6)
  A shadow wraith (WizLab)
  10 sea snakes
  8 deep trolls
  An obsidian statue (Lair:6)
  6 naga ritualists
  2 wizards
  2 lindwurms (Lair:6)
  10 harpies (Shoals:4)
  31 deep elf pyromancers
  17 deep elf archers
  30 deep elf zephyrmancers
  9 necromancers
  7 orc knights
  A wolf spider (D:10)
  9 mana vipers
  A tengu skeleton (WizLab)
  7 manticores
  5 fauns
  28 salamanders
  5 cyclopes
  7 orc sorcerers
  A worldbinder (WizLab)
  18 ugly things
  A cyclops (shapeshifter) (D:14)
  A sphinx skeleton (WizLab)
  38 black mambas
  A guardian serpent (shapeshifter) (Orc:2)
  6 guardian serpents
  6 merfolk sirens
  3 elephants (Lair:6)
  9 water nymphs
  Maurice (D:8)
  6 torpor snails
  2 orange demons (WizLab)
  2 smoke demons (WizLab)
  An ice statue (Shoals:1)
  A water nymph (shapeshifter) (Depths:1)
  8 naga magi
  A gargoyle (D:13)
  An eye of devastation (Depths:1)
  9 cane toads
  A dire elephant skeleton (Lair:6)
  5 kobold demonologists
  A demonic crawler (WizLab)
  Maggie (D:8)
  A demonspawn skeleton (WizLab)
  An efreet (D:11)
  2 unseen horrors
  2 rime drakes
  2 freezing wraiths (D:13)
  7 komodo dragons
  A red devil (WizLab)
  A polar bear (Lair:6)
  An ice devil (WizLab)
  31 merfolk
  11 trolls
  A slime creature (shapeshifter) (Elf:2)
  2 hornets (Depths:1)
  2 snapping turtles
  16 wind drakes
  12 blink frogs
  A raiju (WizLab)
  A blink frog (shapeshifter) (D:10)
  Grinder (D:6)
  15 slime creatures
  4 shadows
  13 air elementals
  A wraith (D:12)
  28 water elementals
  2 vampires
  46 yaks
  2 wyverns
  5 hogs (Shoals:3)
  Grum (D:8)
  20 humans (D:14)
  2 basilisks
  2 death yak simulacra (Lair:6)
  11 vampire mosquitoes
  A steam dragon (Lair:3)
  A warg (Orc:2)
  7 spatial vortices (WizLab)
  2 acid dragons
  Edmund (D:6)
  44 nagas
  2 hell hounds
  13 water moccasins
  33 orc warriors
  A glowing shapeshifter skeleton (WizLab)
  A sky beast (D:6)
  Pargi (Sewer)
  2 ice beasts
  An elephant zombie (Lair:6)
  25 wolves
  11 ogres
  2 boggarts
  2 elephant skeletons (Lair:6)
  A phantom (D:7)
  10 centaurs
  6 kobold brigands
  12 bullfrogs
  4 earth elementals
  3 scorpions
  A necrophage (D:5)
  A cane toad simulacrum (Lair:6)
  11 wights
  3 elephant simulacra (Lair:6)
  7 killer bees
  An electric eel (Snake:4)
  3 howler monkeys (D:9)
  17 jellies
  3 hounds
  14 orc priests
  A gnoll shaman (D:9)
  An iron imp (D:7)
  Jessica (D:2)
  5 iguanas
  Terence (D:2)
  19 orc wizards
  5 hell rats (Lair:6)
  4 gnolls (D:3)
  2 adders (D:2)
  A shadow imp (D:7)
  3 white imps
  An ufetubus (D:5)
  3 worms
  6 dart slugs
  55 orcs
  3 ball pythons
  6 endoplasms
  6 giant cockroaches
  5 goblins
  9 hobgoblins
  4 jackals (D:1)
  6 quokkas
  8 bats
  A frilled lizard (D:1)
  35 kobolds
  5 rats
  A fire vortex (Depths:1)
  2 lurking horrors (WizLab)
  A starspawn tentacle (WizLab)
1330 creatures vanquished.

Vanquished Creatures (others)
  29 dancing weapons
  2 deep elf knights (Elf:2)
  A naga ritualist (Snake:4)
  A deep elf archer (Elf:3)
  A salamander (Snake:4)
  A water elemental (Shoals:4)
  2 nagas (Snake:4)
  54 fungi
  143 plants
  2 starspawn tentacles (WizLab)
  30 withered plants
266 creatures vanquished.

Grand Total: 1596 creatures vanquished

Table legend:
 A = Non-vault XP
 B = Vault XP
 C = Vault XP percentage of total XP
 D = Non-vault monster count
 E = Vault monster count
 F = Vault count percentage of total count
                 A         B        C        D         E       F
            +---------+---------+-------+---------+---------+-------
      Total |  362903 |  213610 |  37.1 |     958 |     402 |  29.6
            +---------+---------+-------+---------+---------+-------
        D:1 |      47 |       0 |   0.0 |      26 |       0 |   0.0
        D:2 |      61 |      73 |  54.5 |      18 |       2 |  10.0
        D:3 |      79 |       0 |   0.0 |      14 |       0 |   0.0
        D:4 |     156 |       0 |   0.0 |      16 |       0 |   0.0
        D:5 |     770 |      12 |   1.5 |      13 |       6 |  31.6
        D:6 |     820 |     547 |  40.0 |      12 |       3 |  20.0
        D:7 |    1199 |     254 |  17.5 |      21 |       4 |  16.0
        D:8 |    1416 |    1019 |  41.8 |      16 |       3 |  15.8
        D:9 |    1317 |    1961 |  59.8 |      20 |      11 |  35.5
       D:10 |    3049 |    4331 |  58.7 |      17 |      12 |  41.4
       D:11 |    7119 |      66 |   0.9 |      29 |       1 |   3.3
       D:12 |    5956 |    1528 |  20.4 |      24 |       1 |   4.0
       D:13 |   11016 |     827 |   7.0 |      28 |       1 |   3.4
       D:14 |    8484 |    7260 |  46.1 |      18 |      25 |  58.1
       D:15 |   16293 |    5790 |  26.2 |      33 |       9 |  21.4
     Lair:1 |    2895 |       0 |   0.0 |       9 |       0 |   0.0
     Lair:2 |    9775 |       0 |   0.0 |      34 |       0 |   0.0
     Lair:3 |   11829 |    2284 |  16.2 |      42 |       6 |  12.5
     Lair:4 |    6321 |    1680 |  21.0 |       9 |       5 |  35.7
     Lair:5 |    7306 |      42 |   0.6 |      27 |       1 |   3.6
     Lair:6 |    6789 |   12227 |  64.3 |      25 |      38 |  60.3
   Shoals:1 |   13027 |    3504 |  21.2 |      27 |       5 |  15.6
   Shoals:2 |    7107 |       0 |   0.0 |      14 |       0 |   0.0
   Shoals:3 |   10031 |   12892 |  56.2 |      22 |      20 |  47.6
   Shoals:4 |   16179 |   24106 |  59.8 |      31 |      55 |  64.0
    Snake:1 |   11897 |       0 |   0.0 |      26 |       0 |   0.0
    Snake:2 |   18063 |       0 |   0.0 |      33 |       0 |   0.0
    Snake:3 |   22350 |       0 |   0.0 |      39 |       0 |   0.0
    Snake:4 |   28318 |   22409 |  44.2 |      61 |      35 |  36.5
      Orc:1 |    3976 |    3634 |  47.8 |      34 |       3 |   8.1
      Orc:2 |    5607 |    7886 |  58.4 |      42 |      25 |  37.3
      Elf:1 |   15729 |    5308 |  25.2 |      23 |       9 |  28.1
      Elf:2 |   33497 |   18778 |  35.9 |      52 |      25 |  32.5
      Elf:3 |   25969 |   46110 |  64.0 |      40 |      41 |  50.6
   Depths:1 |   32197 |   14083 |  30.4 |      42 |      17 |  28.8
   Depths:2 |   16259 |     763 |   4.5 |      21 |       1 |   4.5
      Sewer |       0 |     135 | 100.0 |       0 |       3 | 100.0
     WizLab |       0 |   14101 | 100.0 |       0 |      35 | 100.0
            +---------+---------+-------+---------+---------+-------

Illustrated notes

Table legend:
 A = Kills in this place as a percentage of kills in entire the game.
 B = Kills by you in this place as a percentage of kills by you in the entire game.
 C = Kills by friends in this place as a percentage of kills by friends in the entire game.
 D = Other kills in this place as a percentage of other kills in the entire game.
 E = Experience gained in this place as a percentage of experience gained in the entire game.
 F = Experience gained in this place divided by the number of levels of this place that you have seen.
                   A       B       C       D       E      F
               +-------+-------+-------+-------+-------+----------------------
         Total | 100.0 | 100.0 |   N/A | 100.0 | 100.0 | 14782.4
       Dungeon |  28.2 |  28.9 |   N/A |   0.0 |  14.1 | 5430.0
          Lair |  14.4 |  14.8 |   N/A |   0.0 |  10.6 | 10191.3
        Shoals |  12.8 |  13.1 |   N/A |   0.0 |  15.1 | 21711.5
     Snake Pit |  14.3 |  14.4 |   N/A |   8.8 |  17.9 | 25759.2
  Orcish Mines |   7.6 |   7.8 |   N/A |   0.0 |   3.7 | 10551.5
   Elven Halls |  14.0 |  12.0 |   N/A |  91.2 |  25.2 | 48463.7
        Depths |   6.0 |   6.1 |   N/A |   0.0 |  11.0 | 31651.0
         Sewer |   0.2 |   0.2 |   N/A |   0.0 |   0.0 | 135.0
        Wizlab |   2.6 |   2.6 |   N/A |   0.0 |   2.4 | 14101.0
               +-------+-------+-------+-------+-------+----------------------

Table legend: (Time is in decaauts)
 A = Elapsed time spent in this place.
 B = Non-inter-level travel time spent in this place.
 C = Inter-level travel time spent in this place.
 D = Time resting spent in this place.
 E = Time spent auto-exploring this place.
 F = Levels seen in this place.
 G = Mean time per level.
                   A        B        C        D        E       F      G
               +--------+--------+--------+--------+--------+-----+--------+
         Total |  53275 |  49525 |   3750 |  16164 |  12664 |  39 | 1366.0 |
       Dungeon |  20061 |  18571 |   1490 |   6443 |   5355 |  15 | 1337.4 |
        Temple |    190 |    161 |     29 |      0 |    146 |   1 |  190.0 |
          Lair |  14633 |  13679 |    954 |   6706 |   1327 |   6 | 2438.8 |
        Shoals |   4364 |   4133 |    231 |    197 |   2117 |   4 | 1091.0 |
     Snake Pit |   3654 |   3485 |    169 |     19 |   2470 |   4 |  913.5 |
  Orcish Mines |   1782 |   1610 |    172 |    506 |    352 |   2 |  891.0 |
   Elven Halls |   4814 |   4307 |    507 |   1261 |    422 |   3 | 1604.7 |
        Depths |   1487 |   1292 |    195 |    220 |    211 |   2 |  743.5 |
         Sewer |    134 |    134 |      0 |      0 |     97 |   1 |  134.0 |
        Wizlab |   2151 |   2151 |      0 |    812 |    167 |   1 | 2151.0 |
               +--------+--------+--------+--------+--------+-----+--------+

Top non-repeatable levels by time:
  Lair:6: 3914 daAuts
  Lair:3: 2866 daAuts
    D:10: 2493 daAuts
  Lair:4: 2202 daAuts
  Lair:2: 2178 daAuts
  WizLab: 2151 daAuts
   Elf:3: 2126 daAuts
     D:8: 2049 daAuts
  Lair:1: 1841 daAuts
   Elf:2: 1668 daAuts
    D:11: 1651 daAuts
     D:1: 1637 daAuts
  Lair:5: 1630 daAuts
    D:12: 1571 daAuts
     D:6: 1500 daAuts
